 Dungeon Crawl Stone Soup version 0.22-a0-480-g991dd4b2b4 (webtiles) character file.

16 Faustar the Chopper (level 2, -2/26 HPs)
             Began as a Hill Orc Monk on June 16, 2018.
             Slain by a gnoll
             ... wielding a +0 halberd
              (8 damage)
             ... on level 1 of the Dungeon.
             The game lasted 00:01:07 (478 turns).

Faustar the Chopper (Hill Orc Monk)                  Turns: 478, Time: 00:01:07

Health: -2/26      AC:  2    Str: 13    XL:     2   Next: 58%
Magic:  2/2        EV: 13    Int: 10    God:
Gold:   28         SH:  0    Dex: 13    Spells: 1/1 levels left

rFire    . . .     SeeInvis .   a - +0 hand axe
rCold    . . .     Gourm    .   (no shield)
rNeg     . . .     Faith    .   b - +0 robe
rPois    .         Spirit   .   (no helmet)
rElec    .         Reflect  .   (no cloak)
rCorr    .         Harm     .   (no gloves)
MR       .....                  (no boots)
Stlth    ++........             (no amulet)
HPRegen  0.08/turn              (no ring)
MPRegen  0.08/turn              (no ring)

@: no status effects
A: no striking features
a: no special abilities


You were on level 1 of the Dungeon.
You were not hungry.

You visited 1 branch of the dungeon, and saw 2 of its levels.

You collected 28 gold pieces.

Inventory:

Hand Weapons
 a - a +0 hand axe (weapon)
Armour
 b - a +0 robe (worn)
 h - a +0 large shield
Scrolls
 e - 2 scrolls of remove curse {unknown}
 i - 2 scrolls of identify {unknown}
Potions
 f - a potion of lignification {unknown}
 g - a potion of heal wounds {unknown}
Comestibles
 c - a ration


   Skills:
 - Level 3.6 Fighting
 + Level 5.1 Axes
 - Level 2.4 Dodging
 - Level 1.5 Stealth


You had one spell level left.
You didn't know any spells.
Your spell library was empty.

Dungeon Overview and Level Annotations

Branches:
Dungeon (2/15)

Altars:
Ashenzari


Message History

The gnoll hits you from afar with a halberd!
Ouch! That really hurt!
All of the chunks of flesh in your inventory have rotted away.
The kobold closely misses you. The kobold barely misses you.
You hit the plant but do no damage. You hit the kobold.
The kobold hits you but does no damage.
There is a stone staircase leading down here.
The kobold hits you with a dagger.
* * * LOW HITPOINT WARNING * * *
You climb downwards.
A bat, a ball python and a dart slug come into view.
The ball python hisses angrily.
You hear an angry hiss.
An adder comes into view.
The bat misses you.
Found 9 gold pieces and 18 stones.
There is a stone staircase leading up here.
The bat closely misses you. The kobold closely misses you.
You climb upwards.
The gnoll hits you with a halberd!
You die...

....####........# #............
....# #........# #............
....# #........# #............
....############# #............
........### #............
....###...# ####.##.#....#..
....# ###.## ##..).........#..
..[.# #..######g.##.#.P...P...#
##......@.....#.........#
###..###K........<....##
#..####.##..........#
########............P...P..#
#......##.....#............##
#..>...#..##........(..###...
####......................###...
........†...................†...
##
##.......#.##.................


You could see a gnoll and a kobold.

Vanquished Creatures
  2 dart slugs (D:1)
  A leopard gecko (D:2)
  2 giant cockroaches (D:1)
  A hobgoblin (D:1)
  A kobold (D:1)
  A bat (D:1)
  3 frilled lizards (D:1)
  A goblin (D:1)
12 creatures vanquished.

Notes
Turn   | Place    | Note
-------+----------+-------------------------------------------
     0 | D:1      | Faustar the Hill Orc Monk began the quest for the Orb.
     0 | D:1      | Reached XP level 1. HP: 19/19 MP: 1/1
    95 | D:1      | Reached XP level 2. HP: 18/26 MP: 2/2
   263 | D:1      | Reached skill level 5 in Axes
   268 | D:1      | Found a shattered altar of Ashenzari.
   478 | D:1      | Slain by a gnoll

Vault maps used:
D:1:      dpeg_arrival_orchard, evilmike_ruin_ashenzari
D:2:      lemuel_doored_altar, first_ration

Skill      XL: |  1  2 |
---------------+-------+-----
Axes           | 5 |  5.1
Fighting       | |  3.6
Dodging        | |  2.4
Stealth        | |  1.5

Action                   || total
-------------------------++-------
Melee: Hand axe          ||    47
Armor: Robe              ||     8
Dodge: Dodged            ||    43

Table legend:
 A = Spawn XP
 B = Non-spawn XP
 C = Spawn XP percentage of total XP
 D = Spawn monster count
 E = Non-spawn monster count
 F = Spawn count percentage of total count
 G = Total turns spent on level
                    A         B        C        D         E        F      G
               +---------+---------+-------+---------+---------+-------+---------
         Total |       0 |      24 |   0.0 |       0 |      12 |   0.0 |   478
               +---------+---------+-------+---------+---------+-------+---------
           D:1 |       0 |      21 |   0.0 |       0 |      11 |   0.0 |   472
           D:2 |       0 |       3 |   0.0 |       0 |       1 |   0.0 |     6
               +---------+---------+-------+---------+---------+-------+---------
